 Dungeon Crawl Stone Soup version 0.27-a0-773-gaaee5cf45b (webtiles) character file.

Game seed: 11226469814939359312

509557 rjrrt the Executioner (level 24, -6/233 HPs)
             Began as a Minotaur Berserker on Mar 25, 2021.
             Was the Champion of Trog.
             Mangled by Mennas
             ... wielding a +3 eudemon blade of holy wrath
              (15 damage)
             ... on level 1 of the Crypt.
             The game lasted 02:05:05 (58195 turns).

rjrrt the Executioner (Minotaur Berserker)         Turns: 58195, Time: 02:05:05

Health: -6/233     AC: 48    Str: 37    XL:     24   Next: 28%
Magic:  7/7        EV: 15    Int:  7    God:    Trog [******]
Gold:   3201       SH:  5    Dex:  9    Spells: 23/23 levels left

rFire    + + .     SeeInvis +   b - +9 executioner's axe (antimagic)
rCold    + . .     Faith    .   (shield currently unavailable)
rNeg     + . .     Spirit   .   z - +17 plate armour of Virtue {Rampage +Inv Dex-5 SInv}
rPois    +         Reflect  +   y - -2 hat of the Alchemist {rElec rPois rF+ rC+ rN+ Will+ rMut rCorr}
rElec    +         Harm     .   N - +1 cloak "Ewnamp" {*Drain rF+ Str+4}
rCorr    +         Rampage  +   D - +3 pair of gloves of Terror {rElec}
rMut     +                      K - +2 pair of boots of Complete Protection {+Blink Str+3}
Will     +++..                  g - amulet of reflection
Stlth    ..........             f - +4 ring of slaying
HPRegen  0.48/turn              l - ring "Vajyn" {Will+ Int+3}
MPRegen  0.10/turn

@: glowing, silenced
A: horns 2, retaliatory headbutt
}: 2/15 runes: decaying, serpentine
a: Renounce Religion, Evoke Blink, Evoke Invisibility


You were on level 1 of the Crypt.
You worshipped Trog.
Trog was exalted by your worship.
You visited 9 branches of the dungeon, and saw 44 of its levels.
You visited the Abyss 1 time.
You also visited: Trove and Ice Cave.

You collected 6640 gold pieces.
You spent 3439 gold pieces at shops.

Inventory:

Hand Weapons
 a - the +8 battleaxe "Fiesil" {flame, Str+3}
   (Trog gifted it to you on level 2 of the Lair of Beasts)

   It has been specially enchanted to burn those struck by it, causing extra
   injury to most foes and up to half again as much damage against particularly
   susceptible opponents.
   Big, fiery blades are also staple armaments of hydra-hunters.
   It affects your strength (+3).
 b - a +9 antimagic executioner's axe (weapon)
 F - a +4 executioner's axe
 P - a +2 demon trident of freezing
Missiles
 r - 8 silver javelins (quivered)
Armour
 y - the -2 hat of the Alchemist (worn) {rElec rPois rF+ rC+ rN+ Will+ rMut rCorr}
   (You bought it in a shop on level 1 of the Vaults)

   It protects you from fire.
   It protects you from cold.
   It insulates you from electricity.
   It protects you from poison.
   It protects you from negative energy.
   It affects your willpower, your defense against some magical effects.
   It provides partial protection from all sources of acid and corrosion.
   It protects you from mutation.
 z - the +17 plate armour of Virtue (worn) {Rampage +Inv Dex-5 SInv}
   (You found it on level 4 of the Lair of Beasts)

   It affects your dexterity (-5).
   It lets you see invisible.
   It lets you turn invisible.
   It bestows one free step when moving towards enemies.
 D - the +3 pair of gloves of Terror (worn) {rElec}
   (You found it on level 3 of the Elven Halls)

   It insulates you from electricity.
 K - the +2 pair of boots of Complete Protection (worn) {+Blink Str+3}
   (You bought it in a shop on level 2 of the Orcish Mines)

   It affects your strength (+3).
   It lets you blink.
 N - the +1 cloak "Ewnamp" (worn) {*Drain rF+ Str+4}
   (You bought it in a shop on level 2 of the Orcish Mines)

   It affects your strength (+4).
   It protects you from fire.
   It causes draining when unequipped.
Jewellery
 f - a +4 ring of slaying (right hand)
 g - an amulet of reflection (around neck)
 l - the ring "Vajyn" (left hand) {Will+ Int+3}
   (You took it off a deep elf annihilator on level 3 of the Elven Halls)

   [ring of willpower]

   It affects your intelligence (+3).
   It affects your willpower, your defense against some magical effects.
 O - a ring of flight
Wands
 d - a wand of mindburst (43)
 i - a wand of iceblast (54)
 p - a wand of digging (14)
 A - a wand of paralysis (68)
 B - a wand of acid (21)
 I - a wand of charming (27)
Scrolls
 e - 4 scrolls of fog
 k - 3 scrolls of silence
 o - 3 scrolls of blinking
 s - a scroll of holy word
 t - 18 scrolls of teleportation
 G - 7 scrolls of magic mapping
 J - 8 scrolls of fear
 M - 29 scrolls of identify
 U - 2 scrolls of summoning
Potions
 h - 5 potions of cancellation
 j - 24 potions of curing
 m - 2 potions of resistance
 q - 11 potions of heal wounds
 v - 18 potions of flight
 x - a potion of might
 C - 6 potions of haste
 E - 2 potions of ambrosia
 L - 3 potions of invisibility
Miscellaneous
 c - a tin of tremorstones (2/2)
 n - a condenser vane
 u - a phantom mirror


   Skills:
 + Level 22.6 Fighting
 + Level 26.0 Axes
 - Level 4.0 Throwing
 + Level 24.0 Armour
 + Level 19.1 Dodging
 - Level 4.0 Stealth
 - Level 15.0 Evocations


You had 23 spell levels left.
You didn't know any spells.
Your spell library was empty.

Dungeon Overview and Level Annotations

Branches:
Dungeon (15/15)            Temple (0/1) D:7            Lair (6/6) D:9
  Swamp (4/4) Lair:2        Snake (4/4) Lair:4        Slime (0/5) Lair:6
    Orc (2/2) D:10            Elf (3/3) Orc:2        Vaults (4/5) D:14
  Crypt (1/3) Vaults:3     Depths (5/5) D:15            Zot (0/5) Depths:5
  IceCv (visited)

Altars:
Ashenzari
Dithmenos
Fedhas
Gozag
Hepliaklqana
Nemelex Xobeh
Okawaru
Qazlal
Vehumet
Xom
Yredelemnul
Zin
Beogh

Shops:
D:3 (   D:11 [   D:12 [   Orc:2 **[[   Elf:2 =   Snake:1 ::=?   Snake:3 *!
Vaults:1 [   Depths:2 (*

Portals:
Hell: Depths:1 Depths:2 Depths:3 Depths:4 Depths:5
Abyss: Depths:2 Depths:4
Pandemonium: Depths:2 Depths:3 Depths:4
Ziggurat: Depths:3

Annotations:
Lair:4 exclusion: oklob plant
Elf:2 2 runed translucent doors
Crypt:1 Mennas


Innate Abilities, Weirdness & Mutations

You have a pair of horns on your head.
You reflexively headbutt those who attack you in melee.


Message History

Mennas barely misses you. Mennas blocks your attack.
Mennas is heavily wounded.
Mennas hits you with a +3 eudemon blade of holy wrath!!
* * * LOW HITPOINT WARNING * * *
Mennas hits you with a +3 eudemon blade of holy wrath!
* * * LOW HITPOINT WARNING * * *
You are too injured to fight recklessly!
Unknown command.
Unknown command.
Your stone giant seems less confused.
Mennas blocks your stone giant's attack.
Okay, then.
Mennas blocks your attack.
Your headbutt misses Mennas.
Mennas is heavily wounded.
Mennas hits you but does no damage. x2
Mennas blocks your stone giant's attack.
Unknown command.
Mennas blocks your attack.
You headbutt Mennas, but do no damage.
Mennas is heavily wounded.
You slash the vampire knight!
The vampire knight's magic leaks into the air.
Mennas barely misses you. Mennas hits you but does no damage.
Mennas blocks your stone giant's attack.
Unknown command.
You barely miss Mennas.
Mennas is heavily wounded.
You barely miss the vampire knight. Mennas barely misses you.
You furiously retaliate!
You headbutt Mennas!
Mennas hits you with a +3 eudemon blade of holy wrath!!
* * * LOW HITPOINT WARNING * * *
Mennas blocks your stone giant's attack.
The vampire knight hits you but does no damage.
The vampire knight bites you but does no damage.
Mennas blocks your attack.
Mennas is heavily wounded.
You chop the vampire knight into pieces!!!
The vampire knight's magic leaks into the air.
Mennas hits you with a +3 eudemon blade of holy wrath!
You die...

..# ..# #.# ### #.#
#####
.##...###.###...####.
...........).........
.##...###.###...####
#######.# #.<.#
#...@# ##### #..VA#
#.)Cn# ####.# #.#
#.#### #....# #....##
#.....#


You could see Mennas (strong, silencing, ally target), a vampire knight, a
necrophage and a friendly stone giant (summoned, berserk).

Vanquished Creatures
  Boris (4 times) (Vaults:2 Vaults:3 Depths:3 Depths:5)
  Xtahua (Depths:3)
  Jory (Depths:3)
  6 golden dragons
  2 bone dragons
  Rupert (Lair:5)
  Jorgrun (Elf:1)
  A lich (Depths:3)
  A titan (Depths:5)
  2 deep elf master archers (Elf:3)
  2 deep elf blademasters (Elf:3)
  The ghost of sleeves the Bludgeoner, an adept DgHu (Vaults:3)
  A quicksilver dragon (Depths:5)
  Frances (Swamp:2)
  4 tengu reavers
  2 thorn hunters
  An ancient champion (Crypt:1)
  A storm dragon (Depths:5)
  4 sphinxes
  9 nagarajas
  A daeva (Abyss:2)
  2 shadow dragons
  Roxanne (Elf:1)
  A fenstrider witch (Swamp:2)
  A draconian monk (Depths:5)
  An azure jelly (shapeshifter) (Depths:3)
  6 deep elf sorcerers
  9 frost giants
  8 fire giants
  The ghost of chippings the Nimble, a journeyman DjWn of Ashenzari (Elf:1)
  17 vault wardens
  4 deep elf elementalists (Elf:3)
  A draconian shifter (Depths:5)
  2 angels (Depths:3)
  An iron dragon (Vaults:3)
  8 war gargoyles
  3 ghouls
  A draconian annihilator (Depths:5)
  A caustic shrike zombie (Depths:2)
  9 ironbound preservers
  26 stone giants
  30 very ugly things
  A starcursed mass (Abyss:2)
  8 deep elf annihilators
  6 vampire knights
  7 deep elf demonologists
  3 purple draconians (Depths:5)
  9 bunyips
  A black draconian (Depths:5)
  3 spark wasps (Depths:5)
  A white draconian (Depths:5)
  A red draconian (Depths:5)
  7 dire elephants
  2 eleionomae
  An entropy weaver (Vaults:3)
  A blizzard demon (IceCv)
  6 deep elf death magi
  Snorg (D:12)
  2 crystal guardians (Vaults:3)
  15 fire dragons
  12 ice dragons
  Josephine (D:13)
  10 ettins
  8 yaktaur captains
  3 deep elf high priests (Elf:3)
  6 rakshasas
  9 jiangshi
  12 great orbs of eyes
  2 shambling mangroves (Swamp:4)
  4 catoblepae
  19 hydras
  5 ironbound thunderhulks
  12 vault guards
  Erolcha (D:13)
  A ghost crab (Swamp:4)
  7 ironbound frosthearts
  3 peacekeepers
  16 naga warriors
  5 spriggan air magi
  3 death knights
  9 centaur warriors
  8 alligators
  2 boulder beetles
  13 dancing weapons
  4 death yaks (Lair:6)
  12 anacondas
  8 deep troll earth magi
  4 vampire magi
  4 tengu warriors
  7 deep troll shamans
  2 spriggan berserkers
  5 two-headed ogres
  7 shock serpents
  11 naga sharpshooters
  8 ironbound beastmasters
  9 orc high priests (Orc:2)
  20 deep elf knights
  9 hell knights
  7 goliath frogs
  10 skeletal warriors
  A sixfirhy (Abyss:2)
  A spatial maelstrom (Abyss:2)
  A golden dragon zombie (Depths:2)
  8 iron trolls
  A salamander mystic (Snake:3)
  36 deep trolls
  9 sea snakes (Snake:4)
  A flayed ghost (Depths:3)
  A glowing orange brain (shapeshifter) (Depths:3)
  A large abomination (Abyss:2)
  2 swamp dragons
  4 bog bodies
  An obsidian statue (Vaults:3)
  19 ironbound convokers
  2 spriggan druids
  5 phantasmal warriors
  17 deep elf archers
  3 glowing orange brains
  15 lindwurms
  8 wizards
  An orc knight (Orc:1)
  5 naga ritualists
  38 deep elf pyromancers
  12 mana vipers
  10 cyclopes
  6 necromancers
  39 ugly things
  A wolf spider (D:15)
  25 deep elf zephyrmancers
  11 salamanders
  A moth of wrath (shapeshifter) (Depths:4)
  4 manticores
  3 will-o-the-wisps
  A sphinx skeleton (Depths:2)
  A fire giant skeleton (Depths:1)
  23 black mambas
  An apocalypse crab (Abyss:2)
  18 vault sentinels
  A rust devil (Depths:2)
  3 ice statues
  10 naga magi
  5 elephants
  6 guardian serpents (Snake:4)
  A torpor snail (Lair:6)
  17 cane toads
  A smoke demon (Abyss:2)
  A gargoyle (D:11)
  7 rime drakes
  9 komodo dragons
  5 spectral swamp worms (Depths:4)
  An efreet (D:15)
  A hellion (Depths:2)
  27 yaktaurs
  A freezing wraith (D:13)
  3 swamp worm zombies (Swamp:4)
  14 ice devils (IceCv)
  2 tengu conjurers
  A tengu simulacrum (Vaults:4)
  8 hornets
  A troll (shapeshifter) (Elf:1)
  3 trolls
  2 polar bears
  3 hydra zombies (Swamp:4)
  2 dream sheep (Lair:6)
  5 tyrant leeches
  A raiju (Snake:4)
  6 blink frogs
  A raiju (shapeshifter) (Depths:5)
  2 spectral swamp dragons (Swamp:4)
  A frost giant simulacrum (Depths:1)
  An ettin skeleton (Vaults:4)
  15 slime creatures
  5 alligator zombies (Swamp:4)
  2 ynoxinuls (Depths:2)
  4 spriggans
  8 wraiths
  A tarantella (shapeshifter) (D:15)
  4 air elementals
  A redback (shapeshifter) (Depths:2)
  2 shadows
  A yak (shapeshifter) (Elf:3)
  5 wyverns
  2 water elementals
  Eustachio (D:4)
  8 basilisks
  32 yaks
  3 steam dragons
  A fire elemental (Elf:2)
  A yaktaur simulacrum (Vaults:4)
  A chaos spawn (Depths:2)
  6 wargs (Orc:2)
  15 vampire mosquitoes
  Menkaure (D:4)
  13 swamp worms
  A swamp worm (shapeshifter) (Depths:2)
  37 nagas
  6 acid dragons
  17 water moccasins
  A hell hound (Abyss:2)
  A floating eye (Depths:2)
  16 orc warriors
  A fire dragon simulacrum (Depths:1)
  A swamp drake (Lair:6)
  A black bear (shapeshifter) (D:15)
  3 sky beasts
  A swamp dragon zombie (Swamp:4)
  13 wolves
  6 ogres
  4 boggarts (Vaults:1)
  A black bear (D:5)
  2 necrophages
  8 phantoms
  8 centaurs
  A human zombie (Vaults:4)
  7 bullfrogs
  2 kobold brigands
  2 small abominations (Abyss:2)
  A gnoll sergeant (D:10)
  A wyvern zombie (D:8)
  11 earth elementals
  A water moccasin zombie (D:5)
  A water moccasin skeleton (D:6)
  4 scorpions
  2 troll zombies
  4 killer bees
  4 wights (D:10)
  2 electric eels
  2 howler monkeys (D:11)
  A bullfrog skeleton (D:6)
  3 bullfrog zombies
  A centaur skeleton (D:5)
  4 hounds
  2 centaur zombies (D:8)
  4 jellies
  36 orc priests
  6 iguanas
  An iron imp (Depths:4)
  3 gnoll shamans
  Ijyb (D:5)
  15 orc wizards
  2 spectral swamp drakes (Swamp:4)
  5 ogre zombies (D:10)
  Robin (D:4)
  20 gnolls
  10 adders
  A howler monkey skeleton (D:5)
  A shadow imp (D:5)
  13 white imps
  8 ufetubi
  4 worms
  4 dart slugs
  73 orcs
  9 bats
  6 endoplasms
  4 giant cockroaches
  11 goblins
  17 hobgoblins
  6 jackals
  15 kobolds
  A quokka (D:5)
  12 ball pythons
  2 frilled lizards (D:3)
  2 goblin skeletons (D:10)
  A goblin zombie (D:10)
  2 hobgoblin skeletons (D:10)
  2 hobgoblin zombies (D:10)
  An orc skeleton (D:10)
  11 orc zombies (D:10)
  8 rats
  9 briar patches (Swamp:2)
  A bush (Lair:4)
1685 creatures vanquished.

Vanquished Creatures (collateral kills)
  Vashnia (Snake:2)
  2 deep elf sorcerers (Elf:3)
  2 ghouls
  A very ugly thing (Depths:3)
  A deep elf demonologist (Elf:3)
  A death knight (Crypt:1)
  A deep troll shaman (Depths:3)
  A vampire mage (Depths:3)
  3 naga sharpshooters
  A soul eater (Crypt:1)
  2 skeletal warriors (Crypt:1)
  2 deep elf archers (Elf:3)
  A spectral hydra (Swamp:4)
  A swamp dragon (Swamp:2)
  3 hydra zombies (Swamp:4)
  2 spectral swamp dragons (Swamp:4)
  A naga (Snake:4)
  A swamp drake (Swamp:2)
  2 necrophages (Swamp:4)
  A spectral swamp drake (Swamp:4)
  An orc (Orc:2)
31 creatures vanquished.

Vanquished Creatures (others)
  A frost giant (Depths:3)
  A vampire knight (Depths:3)
  A deep elf knight (Elf:2)
  A deep elf zephyrmancer (Elf:1)
  An ugly thing (Depths:2)
  3 bloated husks
  2 vampire mosquitoes (Swamp:2)
  2 phantoms (Swamp:4)
  2 ufetubi (IceCv)
  20 foxfires
  46 fungi
  66 plants
146 creatures vanquished.

Grand Total: 1862 creatures vanquished

Notes
Turn   | Place    | Note
-------+----------+-------------------------------------------
     0 | D:1      | rjrrt the Minotaur Berserker began the quest for the Orb.
     0 | D:1      | Reached XP level 1. HP: 19/19 MP: 0/0
    71 | D:1      | Reached skill level 4 in Axes
   151 | D:1      | Reached XP level 2. HP: 26/26 MP: 1/1
   576 | D:1      | Reached skill level 5 in Axes
   577 | D:1      | Reached ** piety under Trog
   702 | D:1      | Reached XP level 3. HP: 31/31 MP: 2/2
  1030 | D:2      | Found a sparkling altar of Nemelex Xobeh.
  1044 | D:2      | Reached skill level 6 in Axes
  1044 | D:2      | Reached XP level 4. HP: 39/39 MP: 3/3
  1346 | D:2      | Found a sparkling altar of Nemelex Xobeh.
  1886 | D:3      | Noticed an ogre
  1901 | D:3      | Found Daow's Antique Weapon Emporium.
  1912 | D:3      | Killed an ogre
  1912 | D:3      | Reached *** piety under Trog
  1913 | D:3      | Reached skill level 7 in Axes
  1913 | D:3      | Reached XP level 5. HP: 45/45 MP: 4/4
  1984 | D:3      | Noticed an ogre
  1990 | D:3      | Killed an ogre
  1991 | D:3      | Reached skill level 8 in Axes
  1991 | D:3      | Reached XP level 6. HP: 52/52 MP: 5/5
  2144 | D:3      | Noticed a sky beast
  2152 | D:3      | Killed a sky beast
  2726 | D:4      | Reached skill level 1 in Evocations
  2844 | D:4      | Noticed Menkaure
  2866 | D:4      | Killed Menkaure
  2867 | D:4      | Reached XP level 7. HP: 59/59 MP: 6/6
  2984 | D:4      | Noticed Eustachio
  3006 | D:4      | Killed Eustachio
  3096 | D:4      | Reached skill level 9 in Axes
  3143 | D:4      | Noticed Robin
  3170 | D:4      | Killed Robin
  3361 | D:4      | Found a blossoming altar of Fedhas.
  3710 | D:5      | Entered Level 5 of the Dungeon
  3714 | D:5      | Noticed Ijyb
  3722 | D:5      | Killed Ijyb
  3722 | D:5      | Reached **** piety under Trog
  3835 | D:5      | Identified the +7 flail of Peace {freeze, rPois rN+}
  3854 | D:5      | Reached skill level 5 in Fighting
  3863 | D:5      | Reached XP level 8. HP: 51/68 MP: 7/7
  4006 | D:5      | Reached skill level 1 in Throwing
  4082 | D:5      | Found a shadowy altar of Dithmenos.
  4084 | D:5      | Found a hazy altar of Hepliaklqana.
  4157 | D:5      | Identified the +4 ring mail of Broken Taboos {rPois Str+3
                  | Int+4 Dex-2}
  4419 | D:5      | Identified the amulet "Maoleergh" {RegenMP rF+}
  4968 | D:6      | Reached skill level 10 in Axes
  5234 | D:6      | Reached skill level 5 in Armour
  5234 | D:6      | Reached skill level 1 in Stealth
  5250 | D:6      | Identified the amulet of Jeazanae {RegenMP rPois}
  5359 | D:6      | Reached XP level 9. HP: 75/75 MP: 8/8
  6019 | D:7      | Reached ***** piety under Trog
  6026 | D:7      | Reached skill level 5 in Dodging
  6344 | D:7      | Found a radiant altar of Vehumet.
  6383 | D:7      | Found a basalt altar of Yredelemnul.
  6476 | D:7      | Found a stormy altar of Qazlal.
  6503 | D:7      | Reached skill level 11 in Axes
  6518 | D:7      | Found a staircase to the Ecumenical Temple.
  6641 | D:7      | Identified a scroll of acquirement
  6641 | D:7      | Acquired a manual of Armour
  6948 | D:8      | Reached skill level 12 in Axes
  7213 | D:8      | Found a blossoming altar of Fedhas.
  7274 | D:8      | Found an iron altar of Okawaru.
  7289 | D:8      | Reached XP level 10. HP: 80/84 MP: 9/9
  7290 | D:8      | Found a broken altar of Ashenzari.
  7453 | D:8      | Found a glowing silver altar of Zin.
  7533 | D:9      | Reached skill level 13 in Axes
  7581 | D:9      | Found a staircase to the Lair.
  8195 | D:9      | Reached skill level 14 in Axes
  9029 | Lair:1   | Entered Level 1 of the Lair of Beasts
  9646 | Lair:1   | Noticed an eight-headed hydra
  9650 | Lair:1   | Killed an eight-headed hydra
 10050 | Lair:2   | Reached XP level 11. HP: 66/92 MP: 10/10
 10197 | Lair:2   | Identified the +8 battleaxe "Fiesil" {flame, Str+3} (Trog
                  | gifted it to you on level 2 of the Lair of Beasts)
 10197 | Lair:2   | Received a gift from Trog
 10744 | Lair:2   | Reached skill level 15 in Axes
 10882 | Lair:2   | Found a staircase to the Swamp.
 11530 | Lair:3   | Noticed an eight-headed hydra
 11537 | Lair:3   | Killed a six-headed hydra
 12069 | Lair:3   | Reached skill level 10 in Armour
 12733 | Lair:4   | Reached XP level 12. HP: 58/103 MP: 11/11
 12916 | Lair:4   | Identified the +17 plate armour of Virtue {Rampage +Inv
                  | Dex-5 SInv}
 12968 | Lair:4   | Reached skill level 5 in Evocations
 13070 | Lair:4   | Found a staircase to the Snake Pit.
 13255 | Lair:4   | Reached skill level 16 in Axes
 14516 | Lair:5   | Noticed Rupert
 14534 | Lair:5   | Killed Rupert
 14750 | Lair:5   | Noticed a four-headed hydra
 14758 | Lair:5   | Killed a one-headed hydra
 14828 | Lair:5   | Noticed an eight-headed hydra
 14834 | Lair:5   | Killed a five-headed hydra
 15167 | Lair:6   | Entered Level 6 of the Lair of Beasts
 15212 | Lair:6   | Reached skill level 10 in Fighting
 15220 | Lair:6   | Reached skill level 17 in Axes
 15290 | Lair:6   | Noticed a five-headed hydra
 15304 | Lair:6   | Killed a one-headed hydra
 15337 | Lair:6   | Received a gift from Trog
 15363 | Lair:6   | Reached XP level 13. HP: 105/114 MP: 12/12
 15453 | Lair:6   | Noticed a fire dragon
 15469 | Lair:6   | Killed a fire dragon
 15776 | Lair:6   | Found a staircase to the Slime Pits.
 16076 | Lair:6   | Reached skill level 18 in Axes
 17101 | D:10     | Entered Level 10 of the Dungeon
 17408 | D:10     | Reached skill level 15 in Armour
 17413 | D:10     | Reached ****** piety under Trog
 17423 | D:10     | Found a staircase to the Orcish Mines.
 17445 | D:10     | Received a gift from Trog
 17547 | D:10     | Reached XP level 14. HP: 126/126 MP: 13/13
 17856 | D:10     | Found a stormy altar of Qazlal.
 17959 | Orc:1    | Entered Level 1 of the Orcish Mines
 17969 | Orc:1    | Reached skill level 19 in Axes
 18082 | Orc:2    | Entered Level 2 of the Orcish Mines
 18546 | Orc:2    | Received a gift from Trog
 18845 | Orc:2    | Found Mummycwa's General Store.
 18845 | Orc:2    | Found Tetaeceho's Assorted Antiques.
 18854 | Orc:2    | Bought a scroll of blinking for 262 gold pieces
 18933 | Orc:2    | Found Aqun's Armour Shoppe.
 18933 | Orc:2    | Found Urora's Antique Armour Shop.
 19159 | Orc:2    | Bought a pair of smoking boots for 256 gold pieces
 19159 | Orc:2    | Identified the +2 pair of boots of Complete Protection
                  | {+Blink Str+3} (You bought it in a shop on level 2 of the
                  | Orcish Mines)
 19164 | Orc:2    | Bought a translucent cloak for 256 gold pieces
 19164 | Orc:2    | Identified the +1 cloak "Ewnamp" {*Drain rF+ Str+4} (You
                  | bought it in a shop on level 2 of the Orcish Mines)
 19175 | Orc:2    | Bought a runed hat for 189 gold pieces
 19256 | Orc:2    | Found a staircase to the Elven Halls.
 19894 | D:11     | Found Vafoox's Armour Emporium.
 19905 | D:11     | Bought a +2 pair of gloves for 214 gold pieces
 20597 | D:12     | Found Moulid's Armour Shop.
 20675 | D:12     | Identified the +6 hand axe of Atoli {venom, rN+}
 20789 | D:12     | Noticed Snorg
 20798 | D:12     | Killed Snorg
 21086 | D:13     | Noticed Erolcha
 21091 | D:13     | Killed Erolcha
 21105 | D:13     | Noticed Josephine
 21113 | D:13     | Killed Josephine
 21297 | D:13     | Received a gift from Trog
 21398 | D:13     | Reached skill level 20 in Axes
 22013 | D:14     | Found a gate to the Vaults.
 22027 | D:14     | Reached XP level 15. HP: 101/136 MP: 14/14
 23676 | D:15     | Entered Level 15 of the Dungeon
 24317 | D:15     | Received a gift from Trog
 24570 | D:15     | Found a staircase to the Depths.
 24861 | Swamp:1  | Entered Level 1 of the Swamp
 24893 | Swamp:1  | Reached skill level 10 in Dodging
 25465 | Swamp:1  | Reached skill level 21 in Axes
 25482 | Swamp:2  | Noticed a thorn hunter
 25493 | Swamp:2  | Killed a thorn hunter
 25538 | Swamp:2  | Noticed Frances
 25757 | Swamp:2  | Killed Frances
 25949 | Swamp:2  | Reached XP level 16. HP: 146/146 MP: 15/15
 26809 | Swamp:3  | Found a frozen archway.
 26911 | IceCv    | Entered an ice cave
 26935 | IceCv    | Received a gift from Trog
 27061 | IceCv    | Found the +7 Spriggan's Knife {stab, EV+4 Stlth+}
 27801 | Swamp:4  | Entered Level 4 of the Swamp
 27967 | Swamp:4  | Noticed a thorn hunter
 27974 | Swamp:4  | Killed a thorn hunter
 28664 | Swamp:4  | Received a gift from Trog
 28792 | Swamp:4  | Noticed a bone dragon
 28805 | Swamp:4  | Reached skill level 22 in Axes
 28807 | Swamp:4  | Killed a bone dragon
 28821 | Swamp:4  | Got a decaying rune of Zot
 29192 | Swamp:4  | Reached skill level 15 in Fighting
 29428 | Snake:1  | Entered Level 1 of the Snake Pit
 29525 | Snake:1  | Found Uhonluenn's Magic Scroll Boutique.
 29557 | Snake:1  | Bought a scroll of teleportation for 51 gold pieces
 29557 | Snake:1  | Bought a scroll of fear for 59 gold pieces
 29557 | Snake:1  | Bought a scroll of blinking for 127 gold pieces
 29557 | Snake:1  | Bought a scroll of blinking for 127 gold pieces
 29557 | Snake:1  | Bought a scroll of summoning for 161 gold pieces
 29557 | Snake:1  | Bought a scroll of fear for 59 gold pieces
 29557 | Snake:1  | Bought a scroll of fog for 34 gold pieces
 29557 | Snake:1  | Bought a scroll of holy word for 127 gold pieces
 29591 | Snake:1  | Reached XP level 17. HP: 94/156 MP: 16/16
 30039 | Snake:1  | Found Laleec's Jewellery Emporium.
 30039 | Snake:1  | Found Iraats's Book Shop.
 30040 | Snake:1  | Found Karghism's Book Shop.
 30190 | Snake:1  | You fall into a shaft and drop 1 floor!
 30597 | Snake:2  | Noticed Vashnia
 30646 | Snake:2  | Killed Vashnia
 30646 | Snake:2  | Received a gift from Trog
 32323 | Snake:3  | Identified the +5 plate armour of Beyond {Regen+ Str-2
                  | Int+4}
 32422 | Snake:3  | Reached skill level 10 in Evocations
 32481 | Snake:3  | Found Winedghi's Distillery.
 32487 | Snake:3  | Found Gituphos's General Store.
 32541 | Snake:3  | Bought a potion of resistance for 180 gold pieces
 32541 | Snake:3  | Bought a potion of curing for 54 gold pieces
 32547 | Snake:3  | Bought 3 scrolls of blinking for 292 gold pieces
 32793 | Snake:3  | Received a gift from Trog
 33513 | Snake:4  | Entered Level 4 of the Snake Pit
 33598 | Snake:4  | Reached skill level 23 in Axes
 34545 | Snake:4  | Acquired 422 gold pieces
 34930 | Snake:4  | Reached XP level 18. HP: 158/166 MP: 17/17
 35148 | Snake:4  | Received a gift from Trog
 36087 | Snake:4  | Got a serpentine rune of Zot
 36497 | Vaults:1 | Entered Level 1 of the Vaults
 36545 | Vaults:1 | Found Haer's Armour Shop.
 36575 | Vaults:1 | Reached skill level 24 in Axes
 36684 | Vaults:1 | Bought the -2 hat of the Alchemist {rElec rPois rF+ rC+ rN+
                  | Will+ rMut rCorr} for 991 gold pieces
 36684 | Vaults:1 | Found the -2 hat of the Alchemist {rElec rPois rF+ rC+ rN+
                  | Will+ rMut rCorr}
 37328 | Vaults:1 | Received a gift from Trog
 38163 | Vaults:1 | Reached XP level 19. HP: 131/177 MP: 18/18
 38391 | Vaults:1 | Received a gift from Trog
 39076 | Vaults:2 | Identified the +7 hunting sling of Discomfort {flame, rElec
                  | rPois rF+ Str-5}
 39383 | Vaults:2 | Noticed Boris
 39393 | Vaults:2 | Killed Boris
 40843 | Vaults:3 | Noticed Boris
 40863 | Vaults:3 | Killed Boris
 40863 | Vaults:3 | Received a gift from Trog
 41155 | Vaults:3 | Found a runed translucent gate.
 41155 | Vaults:3 | Found a runed translucent gate.
 41155 | Vaults:3 | Found a runed translucent gate.
 41155 | Vaults:3 | Found an opulent altar of Gozag.
 41159 | Vaults:3 | Noticed sleeves's ghost (adept DgHu)
 41355 | Vaults:3 | Killed sleeves's ghost
 41592 | Vaults:3 | Reached XP level 20. HP: 135/188 MP: 6/19
 42124 | Vaults:3 | Received a gift from Trog
 42151 | Vaults:3 | Reached skill level 25 in Axes
 42478 | Vaults:3 | Found a staircase to the Crypt.
 42713 | Vaults:3 | You fall into a shaft and drop 1 floor!
 42809 | Vaults:4 | Found a portal to a secret trove of treasure.
 42839 | Vaults:4 | You paid a toll of 7 scrolls of blinking to enter a
                  | treasure trove
 42840 | Trove    | Entered a treasure trove
 42857 | Trove    | Identified the +5 trident "Qakhos" {pain, rElec rN+}
 43723 | Vaults:4 | Received a gift from Trog
 45215 | Elf:1    | Entered Level 1 of the Elven Halls
 45313 | Elf:1    | Identified the amulet "Hero's Friend" {Faith Str+4 Stlth+}
 45628 | Elf:1    | Noticed Roxanne
 45638 | Elf:1    | Killed Roxanne
 45641 | Elf:1    | Noticed Jorgrun
 45649 | Elf:1    | Killed Jorgrun
 45781 | Elf:1    | Received a gift from Trog
 45909 | Elf:1    | Found a runed translucent door.
 45909 | Elf:1    | Found a shimmering altar of Xom.
 45909 | Elf:1    | Noticed chippings's ghost (journeyman DjWn)
 45909 | Elf:1    | Identified the +8 double sword of Uskayaw's Whim {chaos,
                  | *Corrode rPois Dex+2}
 45922 | Elf:1    | Killed chippings's ghost
 46471 | Elf:2    | Reached XP level 21. HP: 198/198 MP: 6/20
 46490 | Elf:2    | Reached skill level 15 in Dodging
 46656 | Elf:2    | Identified the +10 battleaxe of Hiveisu {vorpal, rPois
                  | Dex+4} (Trog gifted it to you on level 2 of the Elven
                  | Halls)
 46656 | Elf:2    | Received a gift from Trog
 47185 | Elf:2    | Found a runed translucent gate.
 47185 | Elf:2    | Found a runed translucent gate.
 47198 | Elf:2    | Found a runed translucent gate.
 47264 | Elf:2    | Found Diuvis's Jewellery Emporium.
 47468 | Elf:3    | Entered Level 3 of the Elven Halls
 47702 | Elf:3    | Received a gift from Trog
 48038 | Elf:3    | Identified the +2 mace of Destiny {pain, +Inv}
 48038 | Elf:3    | Identified the ring "Ujoecon" {Fire rPois rN++ Will+ Str-2}
 48172 | Elf:3    | Identified the +10 great mace of Soyhaomo {vorpal, rElec
                  | rC- Str+6}
 48633 | Elf:3    | Cast into level 2 of the Abyss (deep elf demonologist)
 48802 | Elf:3    | Escaped the Abyss
 48810 | Elf:3    | Received a gift from Trog
 48923 | Elf:3    | Identified the ring "Vajyn" {Will+ Int+3}
 49185 | Elf:3    | Identified the +3 pair of gloves of Terror {rElec}
 49255 | Elf:3    | Identified the +4 shortbow of Youthful Indiscretion {flame,
                  | +Fly rElec rF++ Int-3}
 49256 | Elf:3    | Identified the +1 cloak of Cunol {*Drain Will- Str+8 Dex+6}
 49445 | Elf:3    | Identified the +0 pearl dragon scales of Rotation {rN+
                  | Str+5}
 49861 | Elf:3    | Identified the +1 chain mail of Tuphismu {rF+ rCorr Str-2
                  | SInv}
 50236 | Depths:1 | Entered Level 1 of the Depths
 50270 | Depths:1 | Reached skill level 26 in Axes
 50366 | Depths:1 | Found a gateway to Hell.
 50512 | Depths:1 | Reached XP level 22. HP: 209/209 MP: 7/21
 50691 | Depths:1 | You fall into a shaft and drop 1 floor!
 50708 | Depths:2 | Identified the +7 battleaxe of Trog's Esteem {vorpal, rC+
                  | Dex+4} (Trog gifted it to you on level 2 of the Depths)
 50708 | Depths:2 | Received a gift from Trog
 51280 | Depths:2 | Found a one-way gate leading to the halls of Pandemonium.
 51429 | Depths:2 | Found a one-way gate to the infinite horrors of the Abyss.
 51479 | Depths:2 | Found Duarroapp's Weapon Shop.
 52007 | Depths:2 | Found Seffoshraly's Elemental Accessories.
 52177 | Depths:2 | Noticed a golden dragon
 52426 | Depths:2 | Killed a golden dragon
 52443 | Depths:2 | Received a gift from Trog
 52797 | Depths:2 | Identified the +1 robe of the Twelve Tales {MP+9 Str+5
                  | Int+4 Dex-2}
 53140 | Depths:3 | Noticed Xtahua
 53154 | Depths:3 | Killed Xtahua
 53400 | Depths:3 | Noticed Boris
 53413 | Depths:3 | Killed Boris
 53765 | Depths:3 | Received a gift from Trog
 53778 | Depths:3 | Reached XP level 23. HP: 185/220 MP: 7/22
 54071 | Depths:3 | Noticed Jory
 54085 | Depths:3 | Killed Jory
 54315 | Depths:3 | Found a gateway to a ziggurat.
 55180 | Depths:4 | Received a gift from Trog
 55813 | Depths:4 | Reached skill level 15 in Evocations
 56505 | Depths:5 | Entered Level 5 of the Depths
 56516 | Depths:5 | Noticed Boris
 56537 | Depths:5 | Killed Boris
 56554 | Depths:5 | Received a gift from Trog
 57159 | Depths:5 | Reached XP level 24. HP: 212/232 MP: 7/22
 57168 | Depths:5 | Found a gate to the Realm of Zot.
 58065 | Crypt:1  | Entered Level 1 of the Crypt
 58141 | Crypt:1  | Noticed Mennas
 58194 | Crypt:1  | HP: 9/233 [Mennas/+3 eudemon blade of holy wrath (28)]
 58195 | Crypt:1  | Mangled by Mennas

Illustrated notes

Levels and vault maps discovered:
D:1:      minmay_arrival_arboretum_small, layout_loops_cross,
          hangedman_glass_teeth, serial_bayou_ford_a
D:2:      layout_loops_ring, nemelex_xobeh_ov_fountains_minmay,
          nemelex_spade_bored_becter
D:3:      layout_basic, serial_shops, shop
D:4:      layout_rooms, nicolae_overflow_crystal_walls, uniq_eustachio,
          uniq_menkaure, uniq_robin
D:5:      minmay_recursive_quarters, layout_loops_ring,
          riverfiend_overflow_shadow_ancestor, grunt_ministairs_6,
          kennysheep_cross_bottleneck, uniq_ijyb
D:6:      layout_loops_ring
D:7:      layout_loops_ring, overflow_temple_1_default, kennysheep_mini_moat,
          vehumet_crystals, minmay_temple_entry_stoned_glass
D:8:      layout_rooms, zin_scriptorium, ashenzari_altar_1, lemuel_round_altar,
          basic_altar
D:9:      layout_stronghold, lair_entry_dummy
D:10:     layout_long_grid, zombieorc1_lemuel, hangedman_decor_peaks_small,
          nicolae_qazlal_eye_of_the_storm
D:11:     layout_rooms, serial_shops, shop
D:12:     layout_small_grid, serial_shops, shop, minmay_lindwurm_lava,
          uniq_snorg
D:13:     layout_roguey, minmay_misc_feat_columns, minmay_holes,
          hangedman_cracks_in_the_wall, uniq_erolcha, uniq_josephine
D:14:     layout_layer_cave, erik_vaults_1, lemuel_nasty_fountain
D:15:     grunt_enter_depths_snipers, layout_small_grid,
          minmay_misc_feat_secret_circle, hangedman_decor_growths
Lair:1:   wander_river, layout_loops_ring, chequers_serial_rivers_micro_a,
          lemuel_fruit_fields
Lair:2:   layout_chaotic_city, swamp_mist_pool
Lair:3:   layout_loops_ring
Lair:4:   layout_cave_pods, guppyfry_snake_entry_garden, minmay_lair_drake_nest,
          serial_bayou_shore_a, infiniplex_staircase_pool_2, grunt_megastairs_5
Lair:5:   layout_layer_cave, serial_bayou_shore_b, uniq_rupert
Lair:6:   hangedman_lair_in_review, layout_regular_city,
          guppyfry_lair_end_dragon, minmay_slime_entry_pillars
Swamp:1:  layout_basic_swamp, evilmike_swamp_ruin_house_4, swamp_pool4,
          infiniplex_staircase_pool
Swamp:2:  layout_basic_swamp, evilmike_swamp_ruin_house_3, uniq_frances
Swamp:3:  layout_basic_swamp, portal_ice_cave_entry_ice_statue_one,
          lemuel_altar_in_water, swamp_pool1
Swamp:4:  swamp_pestilence, layout_basic_swamp, swamp_pool1
Snake:1:  layout_basic, serial_shops, shop, nicolae_snake_squiggles,
          minmay_shop_grove
Snake:2:  layout_layer_cave, uniq_vashnia
Snake:3:  layout_cave_town, minmay_shoptagon
Snake:4:  grunt_snake_rune_pools, layout_onion_interference,
          beargit_elvish_explorers, grunt_megastairs_1
Orc:1:    layout_diamond_mine, basic_altar
Orc:2:    st_orc_town, layout_diamond_mine, lemuel_statue_altar
Elf:1:    elf_arrival_001, layout_gridlike, ebering_ghost_xom,
          minmay_elf_crystal_heptagon, uniq_jorgrun, uniq_roxanne
Elf:2:    layout_geoelf_diagonals, minmay_shop_enchanted_jewellery,
          patterned_corridor, uniq_asterion
Elf:3:    grunt_elf_hall_diamonds, layout_gridlike,
          roderic_lattice_octagonal_star
Vaults:1: vaults_dpeg_doors, ontoclasm_vaults_ring_small, v_misc_29,
          nicolae_vaults_asterisk, v_pattern_3, vaults_room_fours,
          vaults_room_hallway, nicolae_vaults_border_crossing,
          nicolae_vaults_windows_and_doors_thing, vaults_room_stairs_pillars,
          layout_vaults_chaotic_city, serial_shops, nicolae_shop_waterfront
Vaults:2: nicolae_vaults_network_periphery, hangedman_vaults_restitches,
          nicolae_vaults_ring_of_whatevers, v_rooms_3, v_rooms_5,
          nicolae_vaults_yaktaur_gun_rack, grunt_vaults_hallway_long,
          nicolae_vaults_asterisk, vaults_room_door_ring,
          nicolae_vaults_shelves_hall, nicolae_vaults_little_squares_5,
          vaults_room_pools, vaults_dpeg_hooks,
          vaults_room_grunt_arrival_checkpoint, layout_vaults_omnicross,
          uniq_boris
Vaults:3: ebering_vaults_ghost_gozag, vaults_room_hallway,
          vaults_standard_mumra_lines, nicolae_vaults_specimen_jars,
          minmay_crypt_entry_simple_plaza, grunt_vaults_hallway_long,
          vaults_room_door_hall, v_misc_28, vaults_dpeg_spiral, v_rooms_6,
          v_misc_5, hangedman_vaults_stretched_pinwheel,
          ontoclasm_vaults_shuriken, ontoclasm_vaults_pinch,
          layout_vaults_omnibox
Vaults:4: nicolae_vaults_asterisk, hangedman_vaults_unwind,
          dpeg_vaults_monster_row, vaults_dpeg_ring, nicolae_vaults_theta,
          v_alt_pattern_2, vaults_standard_mumra_enter_the_diamond, v_misc_27,
          vaults_dpeg_encased_lava, layout_vaults_quadrants,
          nicolae_trove_entry_crystal
Crypt:1:  layout_misc_corridors, uniq_margery, uniq_mennas
Depths:1: layout_long_grid, serial_sigils_hangedman_snap, hell_entry,
          kennysheep_generic_room_15
Depths:2: wad_guarded_room, layout_cave_shapes, hell_entry,
          nrook_mini_backslash, abyss_entry, rand_demon_pan_entry_7,
          serial_shops, nicolae_shop_waterfront, serial_bayou_pond_e,
          nicolae_elemental_shop, serial_bayou_shore_b
Depths:3: minmay_the_grid_octo_tiled_octocenter [minmay_the_grid_octo_focus,
          minmay_the_grid_octo_clover_2, minmay_the_grid_octo_fat_diamond,
          minmay_the_grid_octo_checkerflower,
          minmay_the_grid_octo_prize_single_spiral,
          minmay_the_grid_square_5x5_three_small,
          minmay_the_grid_square_5x5_percent,
          minmay_the_grid_square_5x5_intrusive_squares,
          minmay_the_grid_square_5x5_shuriken], layout_gridville,
          enter_ziggurat_d, minmay_misc_feat_tower, pan_entry,
          hangedman_coc_ice_floe, uniq_xtahua, uniq_jory
Depths:4: hangedman_arrow_trap, layout_cave_shapes, abyss_entry,
          grunt_pan_entry_zigzag, pf_hell_entry_tar_river, firewood_loft,
          grunt_megastairs_2
Depths:5: grunt_zot_entry_funnels, layout_cave_pools, hell_entry,
          corexii_leaking_fountain, minmay_liquid_box

Skill      XL: |  1  2  3  4  5  6  7  8  9 10 11 12 13 14 15 16 17 18 19 20 21 22 23 24 |
---------------+-------------------------------------------------------------------------+-----
Axes           | 4 5 6 7 8 9 10 12 14 15 17 18 20 21 22 23 24 25 26 | 26.0
Fighting       | 4 5 6 7 8 10 12 13 14 15 16 17 18 19 20 21 22 | 22.6
Evocations     | 1 2 3 4 6 7 8 9 10 11 12 13 14 15 | 15.0
Armour         | 3 4 5 7 10 12 15 16 17 18 19 20 21 22 23 24 | 24.0
Dodging        | 3 4 5 6 7 8 9 10 11 12 13 14 16 17 18 19 | 19.1
Throwing       | 2 3 4 |  4.0
Stealth        | 1 3 4 |  4.0

Action                   |  1- 3 |  4- 6 |  7- 9 | 10-12 | 13-15 | 16-18 | 19-21 | 22-24 || total
-------------------------+-------+-------+-------+-------+-------+-------+-------+-------++-------
Melee: Hand axe          |    62 |    65 |   130 |       |       |       |       |       ||   257
       Headbutt          |     8 |    10 |    45 |    52 |   130 |   207 |   271 |   248 ||   971
       War axe           |       |       |    78 |       |       |       |       |       ||    78
       Battleaxe         |       |       |    69 |   241 |   687 |   900 |    25 |       ||  1922
       Executioner's axe |       |       |       |       |       |       |   997 |   808 ||  1805
Throw: Boomerang         |       |     3 |       |       |       |       |       |       ||     3
       Javelin           |       |       |       |     4 |     6 |     1 |       |       ||    11
Invok: Berserk           |       |     4 |     3 |     3 |     5 |     4 |     3 |     1 ||    23
       Brothers in Arms  |       |       |       |     1 |     2 |     7 |     2 |     4 ||    16
       Trog's Hand       |       |       |       |     1 |     2 |     1 |     2 |       ||     6
 Abil: Evoke Flight      |       |       |       |       |     2 |       |       |       ||     2
Evoke: Wand              |       |       |       |     3 |     8 |     1 |       |     1 ||    13
  Use: Scroll            |       |     1 |    15 |     9 |     6 |     4 |     3 |     1 ||    39
       Potion            |       |       |       |       |     1 |     1 |     1 |       ||     3
 Stab: Petrifying        |       |       |       |       |     1 |       |       |       ||     1
       Distracted        |       |       |       |       |     3 |     2 |       |     1 ||     6
Armor: Ring mail         |    23 |    16 |    99 |    82 |       |       |       |       ||   220
       Animal skin       |     2 |       |       |       |       |       |       |       ||     2
       Plate armour      |       |       |       |    53 |   426 |   582 |   547 |   457 ||  2065
       Ice dragon scales |       |       |       |       |       |    33 |       |       ||    33
       Crystal plate arm |       |       |       |       |       |     2 |       |       ||     2
Dodge: Dodged            |    40 |    46 |   151 |   143 |   275 |   344 |   293 |   337 ||  1629
Block: Other             |       |       |       |       |       |       |    85 |   125 ||   210
       Reflection        |       |       |       |       |       |       |    22 |     4 ||    26

Table legend: (Time is in decaauts)
 A = Elapsed time spent in this place.
 B = Non-inter-level travel time spent in this place.
 C = Inter-level travel time spent in this place.
 D = Time resting spent in this place.
 E = Time spent auto-exploring this place.
 F = Levels seen in this place.
 G = Mean time per level.
                   A        B        C        D        E       F      G
               +--------+--------+--------+--------+--------+-----+--------+
         Total |  57758 |  55124 |   2634 |  11901 |  30260 |  47 | 1228.9 |
       Dungeon |  15356 |  14523 |    833 |   1266 |  10775 |  15 | 1023.7 |
          Lair |   8592 |   8159 |    433 |   1298 |   5515 |   6 | 1432.0 |
         Swamp |   3579 |   3472 |    107 |   2099 |    145 |   4 |  894.8 |
     Snake Pit |   6720 |   6536 |    184 |   1720 |   3206 |   4 | 1680.0 |
  Orcish Mines |   1863 |   1674 |    189 |    420 |    582 |   2 |  931.5 |
   Elven Halls |   4597 |   4401 |    196 |   1053 |   1881 |   3 | 1532.3 |
        Vaults |   8517 |   8104 |    413 |   1792 |   4386 |   4 | 2129.2 |
         Crypt |    117 |    117 |      0 |      0 |     52 |   1 |  117.0 |
        Depths |   7463 |   7186 |    277 |   1810 |   3709 |   5 | 1492.6 |
         Abyss |    160 |    160 |      0 |      0 |      0 |   1 |  160.0 |
         Trove |     41 |     41 |      0 |      0 |      0 |   1 |   41.0 |
      Ice Cave |    747 |    747 |      0 |    439 |      7 |   1 |  747.0 |
               +--------+--------+--------+--------+--------+-----+--------+

Top non-repeatable levels by time:
Vaults:1: 2503 daAuts
Vaults:3: 2394 daAuts
Depths:3: 2346 daAuts
   Elf:3: 2317 daAuts
 Snake:4: 2273 daAuts
Depths:2: 2047 daAuts
    D:14: 1878 daAuts
Vaults:4: 1812 daAuts
Vaults:2: 1806 daAuts
  Lair:6: 1785 daAuts
  Lair:2: 1661 daAuts
 Snake:3: 1630 daAuts
     D:9: 1619 daAuts
  Lair:4: 1572 daAuts
 Snake:2: 1442 daAuts
